Hartford Whalers vs Chicago Black Hawks
Created - Thursday, May 30, 2024 at 06:52
Goals
|
| Hartford Whalers |
0 |
4 |
2 |
6 |
| Chicago Black Hawks |
0 |
1 |
1 |
2 |
|
Shots
|
| Hartford Whalers |
12 |
19 |
13 |
44 |
| Chicago Black Hawks |
9 |
16 |
5 |
30 |
|
1st period
No Goal
Penalties :
No Penalty
2nd period
1. Chicago Black Hawks , Vincent Trocheck 31 (Bo Horvat 42, Kevin Fiala 46) at 0:36
2. Hartford Whalers , Josh Anderson 14 (Casey Cizikas 22, Semyon Varlamov) at 1:48
3. Hartford Whalers , T.J. Oshie 25 (Alexander Wennberg 54, Mike Hoffman 16) at 7:16
4. Hartford Whalers , Josh Anderson 15 (Eetu Luostarinen 12, Casey Cizikas 23) at 9:25
5. Hartford Whalers , Ryan Strome 10 (Mike Hoffman 17, Josh Anderson 30) at 10:40
Penalties :
Marcus Pettersson (CHI) for Tripping (Minor) at 16:35, Seth Jones (CHI) for Hooking (Minor) at 18:59
3rd period
6. Chicago Black Hawks , Brent Burns 4 (Patrice Bergeron 54) at 0:10 (SH)
7. Hartford Whalers , Alexander Wennberg 31 (Thomas Chabot 33, Jaccob Slavin 22) at 9:41
8. Hartford Whalers , Mike Hoffman 11 (Ryan Strome 14) at 13:40
Penalties :
Travis Sanheim (CHI) for Slashing (Minor) at 3:10, Shane Pinto (CHI) for Fighting (Major) at 14:19, T.J. Oshie (HFD) for Fighting (Major) at 14:19, Devon Toews (CHI) for Fighting (Major) at 14:36, Connor Murphy (HFD) for Fighting (Major) at 14:36
Goalie Stats
Semyon Varlamov (HFD), 28 saves from 30 shots - (0.933), W, 27-32-4, 60:00 minutes
Jordan Binnington (CHI), 38 saves from 44 shots - (0.864), L, 11-6-2, 60:00 minutes
Players Stats for Hartford Whalers
Player Name G A P +/- PIM S H SB GA TA FO MP PP MP PK MP
------------------------------------------------------------------------------------
Alec Martinez 0 0 0 3 0 0 2 0 0 2 0/0 16:45 3:18 0:00
Alexander Wennberg 1 1 2 3 0 4 2 1 1 0 14/31 20:01 3:37 0:00
Alexis Lafreniere 0 0 0 -2 0 5 2 1 0 0 0/0 17:43 2:20 0:00
Andre Burakovsky 0 0 0 -2 0 2 1 0 2 0 0/0 19:07 2:20 0:00
Casey Cizikas 0 2 2 1 0 2 0 0 0 0 5/8 13:10 0:00 0:00
Connor Murphy 0 0 0 -1 5 4 1 1 0 1 0/0 17:37 0:00 0:00
Eetu Luostarinen 0 1 1 1 0 1 1 1 0 1 0/2 13:10 0:00 0:00
Erik Cernak 0 0 0 -1 0 4 0 1 0 0 0/0 19:27 0:00 0:00
Jaccob Slavin 0 1 1 2 0 3 0 1 0 1 0/0 24:22 2:39 0:00
Josh Anderson 2 1 3 1 0 3 0 0 2 0 0/0 13:10 0:00 0:00
Joshua Norris 0 0 0 -2 0 4 0 0 0 0 3/9 16:54 2:20 0:00
Marcus Foligno 0 0 0 2 0 2 1 0 0 0 0/0 9:55 0:00 0:00
Mike Hoffman 1 2 3 2 0 3 0 0 1 0 0/0 9:55 0:00 0:00
Nikita Zaitsev 0 0 0 3 0 0 3 1 1 1 0/0 17:37 3:18 0:00
Ryan Strome 1 1 2 2 0 3 1 0 0 0 0/2 9:55 0:00 0:00
T.J. Oshie 1 0 1 3 5 2 0 0 0 1 0/2 17:47 3:37 0:00
Taylor Hall 0 0 0 3 0 1 0 2 0 0 0/2 20:01 3:37 0:00
Thomas Chabot 0 1 1 2 0 1 3 1 1 0 0/0 23:22 2:39 0:00
Players Stats for Chicago Black Hawks
Player Name G A P +/- PIM S H SB GA TA FO MP PP MP PK MP
------------------------------------------------------------------------------------
Barrett Hayton 0 0 0 0 0 1 1 1 0 2 1/2 19:18 0:00 3:07
Bo Horvat 0 1 1 0 0 2 0 0 1 1 5/9 16:08 0:00 0:00
Brent Burns 1 0 1 0 0 4 0 2 1 0 0/0 26:12 0:00 2:35
Cale Makar 0 0 0 -3 0 4 1 0 0 1 0/0 22:57 0:00 0:00
Conor Sheary 0 0 0 -3 0 2 1 0 0 0 0/0 13:25 0:00 0:00
Devon Toews 0 0 0 -1 5 0 3 2 0 1 0/0 18:30 0:00 3:22
Frederick Gaudreau 0 0 0 1 0 0 0 0 0 1 1/1 5:29 0:00 2:50
Jaden Schwartz 0 0 0 -3 0 3 1 2 0 0 0/2 13:25 0:00 0:00
Kevin Fiala 0 1 1 0 0 2 2 0 1 0 1/1 16:08 0:00 0:00
Kirby Dach 0 0 0 0 0 4 3 0 3 0 0/0 16:06 0:00 0:00
Marcus Pettersson 0 0 0 0 2 0 0 1 0 0 0/0 15:38 0:00 1:43
Michael Rasmussen 0 0 0 -2 0 1 1 1 1 0 0/1 11:03 0:00 3:07
Nicholas Paul 0 0 0 -5 0 2 0 1 0 1 11/16 20:04 0:00 0:00
Patrice Bergeron 0 1 1 1 0 2 1 0 0 1 12/18 19:24 0:00 2:50
Seth Jones 0 0 0 -3 2 1 1 3 0 0 0/0 17:58 0:00 1:51
Shane Pinto 0 0 0 -2 5 1 1 0 0 0 3/4 6:51 0:00 0:00
Travis Sanheim 0 0 0 -1 2 0 1 1 0 0 0/0 19:14 0:00 2:23
Vincent Trocheck 1 0 1 0 0 1 3 1 0 0 0/2 16:08 0:00 0:00
3 Stars
1 - Josh Anderson (HFD)
2 - Alexander Wennberg (HFD)
3 - Mike Hoffman (HFD)
Power Play
Hartford Whalers - 0 on 3 Attempt(s) - 0.00%
Chicago Black Hawks - 0 on 0 Attempt(s) - 0.00%
Penalty Kill
Hartford Whalers - 0 on 0 Attempt(s) - 0.00%
- Score 0 goal in Penalty Kill
Chicago Black Hawks - 3 on 3 Attempt(s) - 100.00%
- Score 1 goal in Penalty Kill
Team Stat
Hartford Whalers - Hits : 17 - Faceoff Wins : 22 - Blocked Shots : 10 - Penalty Minutes : 10
Chicago Black Hawks - Hits : 20 - Faceoff Wins : 34 - Blocked Shots : 15 - Penalty Minutes : 16
Official
Referees : Mike Leggo and Jean Hebert
Linesman : Steve Barton and Steve Miller
Game Notes
0:36 of 2nd period - Chicago Black Hawks goal is going for a video replay. After video review, Goal.
T.J. Oshie beats up Shane Pinto at 14:19 of 3rd period
Devon Toews beats up Connor Murphy at 14:36 of 3rd period
Finance
Level 1 -- Attendance: 5226 (87.10%) -- Ticket Income $522,600
Level 2 -- Attendance: 3519 (70.38%) -- Ticket Income $211,140
Level 3 -- Attendance: 2554 (85.13%) -- Ticket Income $89,390
Level 4 -- Attendance: 3993 (79.86%) -- Ticket Income $99,825
Luxury Box -- Attendance: 777 (77.70%) -- Ticket Income $155,400
Game was played at the United Center.
Total Attendance: 16069 (80.35%)
Total Ticket Income: $1,078,355
Other Income: $377,424
Total Income: $1,455,779
Hartford Whalers
5 vs 5 Forward
Center Left Wing Right Wing Time % Phy DF OF
1 Alexander Wennberg Taylor Hall T.J. Oshie 35 0 3 2
2 Joshua Norris Andre Burakovsky Alexis Lafreniere 30 0 3 2
3 Casey Cizikas Eetu Luostarinen Josh Anderson 25 0 3 2
4 Ryan Strome Mike Hoffman Marcus Foligno 10 0 3 2
5 vs 5 Defense
Defense Defense Time % Phy DF OF
1 Jaccob Slavin Thomas Chabot 38 1 2 2
2 Connor Murphy Erik Cernak 37 1 3 1
3 Alec Martinez Nikita Zaitsev 25 1 2 2
4 Jaccob Slavin Thomas Chabot 0 1 2 2
PowerPlay Forward
Center Left Wing Right Wing Time % Phy DF OF
1 Alexander Wennberg Taylor Hall T.J. Oshie 50 0 1 4
2 Joshua Norris Andre Burakovsky Alexis Lafreniere 50 0 1 4
PowerPlay Defense
Defense Defense Time % Phy DF OF
1 Thomas Chabot Jaccob Slavin 50 0 2 3
2 Alec Martinez Nikita Zaitsev 50 0 2 3
Penalty Kill 4 Players Forward
Center Wing Time % Phy DF OF
1 Casey Cizikas Eetu Luostarinen 50 1 4 0
2 Alexander Wennberg Josh Anderson 50 1 4 0
Penalty Kill 4 Players Defense
Defense Defense Time % Phy DF OF
1 Jaccob Slavin Connor Murphy 50 2 3 0
2 Erik Cernak Alec Martinez 50 1 4 0
Penalty Kill - 3 Players Forward
Forward Time % Phy DF OF
1 Casey Cizikas 50 1 4 0
2 Alexander Wennberg 50 1 4 0
Penalty Kill - 3 Players Defense
Defense Defense Time % Phy DF OF
1 Jaccob Slavin Alec Martinez 50 2 3 0
2 Connor Murphy Erik Cernak 50 1 4 0
4 vs 4 Forward
Center Wing Time % Phy DF OF
1 Alexander Wennberg Andre Burakovsky 50 0 2 3
2 Casey Cizikas Josh Anderson 50 0 2 3
4 vs 4 Defense
Defense Defense Time % Phy DF OF
1 Thomas Chabot Jaccob Slavin 50 0 2 3
2 Nikita Zaitsev Erik Cernak 50 0 3 2
Last Minutes Offensive
Center Left Wing Right Wing Defense Defense
Alexander Wennberg Alexis Lafreniere Andre Burakovsky Thomas Chabot Jaccob Slavin
Last Minutes Defensive
Center Left Wing Right Wing Defense Defense
Casey Cizikas Joshua Norris Josh Anderson Alec Martinez Erik Cernak
Goaltenders
Starting : Semyon Varlamov
Backup : Mads Sogaard
Extra Forwards
Normal : Andre Burakovsky, Joshua Norris, Alexis Lafreniere - PP : Andre Burakovsky, Taylor Hall - PK : Casey Cizikas
Extra Defensemen
Normal : Jaccob Slavin, Thomas Chabot, Nikita Zaitsev - PP : Thomas Chabot - PK : Jaccob Slavin, Erik Cernak
Penalty Shots
Alexander Wennberg, Andre Burakovsky, T.J. Oshie, Taylor Hall, Josh Anderson
Chicago Black Hawks
5 vs 5 Forward
Center Left Wing Right Wing Time % Phy DF OF
1 Bo Horvat Kevin Fiala Vincent Trocheck 30 1 2 2
2 Patrice Bergeron Barrett Hayton Kirby Dach 30 1 2 2
3 Nicholas Paul Jaden Schwartz Conor Sheary 25 1 2 2
4 Shane Pinto Michael Rasmussen Nicholas Paul 15 1 2 2
5 vs 5 Defense
Defense Defense Time % Phy DF OF
1 Cale Makar Seth Jones 30 0 3 2
2 Brent Burns Devon Toews 30 1 3 1
3 Travis Sanheim Marcus Pettersson 25 0 4 1
4 Cale Makar Brent Burns 15 0 3 2
PowerPlay Forward
Center Left Wing Right Wing Time % Phy DF OF
1 Bo Horvat Kevin Fiala Vincent Trocheck 50 0 0 5
2 Patrice Bergeron Barrett Hayton Kirby Dach 50 0 0 5
PowerPlay Defense
Defense Defense Time % Phy DF OF
1 Brent Burns Seth Jones 50 0 1 4
2 Cale Makar Devon Toews 50 0 1 4
Penalty Kill 4 Players Forward
Center Wing Time % Phy DF OF
1 Patrice Bergeron Frederick Gaudreau 50 0 5 0
2 Barrett Hayton Michael Rasmussen 50 0 5 0
Penalty Kill 4 Players Defense
Defense Defense Time % Phy DF OF
1 Devon Toews Travis Sanheim 50 0 5 0
2 Brent Burns Seth Jones 50 0 5 0
Penalty Kill - 3 Players Forward
Forward Time % Phy DF OF
1 Bo Horvat 50 0 5 0
2 Frederick Gaudreau 50 0 5 0
Penalty Kill - 3 Players Defense
Defense Defense Time % Phy DF OF
1 Marcus Pettersson Seth Jones 50 0 5 0
2 Travis Sanheim Devon Toews 50 0 5 0
4 vs 4 Forward
Center Wing Time % Phy DF OF
1 Vincent Trocheck Frederick Gaudreau 50 1 2 2
2 Shane Pinto Kevin Fiala 50 1 2 2
4 vs 4 Defense
Defense Defense Time % Phy DF OF
1 Devon Toews Travis Sanheim 50 1 3 1
2 Marcus Pettersson Cale Makar 50 0 4 1
Last Minutes Offensive
Center Left Wing Right Wing Defense Defense
Bo Horvat Kevin Fiala Vincent Trocheck Cale Makar Seth Jones
Last Minutes Defensive
Center Left Wing Right Wing Defense Defense
Bo Horvat Kevin Fiala Vincent Trocheck Cale Makar Seth Jones
Goaltenders
Starting : Jordan Binnington
Backup : Thatcher Demko
Extra Forwards
Normal : Frederick Gaudreau, Nicholas Paul, Jaden Schwartz - PP : Frederick Gaudreau, Nicholas Paul - PK : Jaden Schwartz
Extra Defensemen
Normal : Travis Sanheim, Marcus Pettersson, Brent Burns - PP : Travis Sanheim - PK : Marcus Pettersson, Brent Burns
Penalty Shots
Bo Horvat, Patrice Bergeron, Vincent Trocheck, Kevin Fiala, Barrett Hayton
% Time on Ice - Hartford Whalers
Lines # - Real PCT - Wanted PCT - Time Play
Normal Forward
1 - 30% - 35% - 16:24
2 - 27% - 30% - 14:34
3 - 24% - 25% - 13:10
4 - 18% - 10% - 9:55
Normal Defense
1 - 38% - 38% - 20:43
2 - 37% - 37% - 20:11
3 - 24% - 25% - 13:09
4 - 0% - 0% - 0:00
PP Forward
1 - 61% - 50% - 3:37
2 - 39% - 50% - 2:20
PP Defense
1 - 45% - 50% - 2:39
2 - 55% - 50% - 3:18
PK Forward
1 - 0% - 50%
2 - 0% - 50%
PK Defense
1 - 0% - 50%
2 - 0% - 50%
PK3 Forward
1 - 0% - 50%
2 - 0% - 50%
PK3 Defense
1 - 0% - 50%
2 - 0% - 50%
44 Forward
1 - 0% - 50%
2 - 0% - 50%
44 Defense
1 - 0% - 50%
2 - 0% - 50%
Last Minute Offensive - 0:00
Last Minute Defensive - 0:00
Total
Forward - 60:00
Defense - 60:00
|
% Time on Ice - Chicago Black Hawks
Lines # - Real PCT - Wanted PCT - Time Play
Normal Forward
1 - 31% - 30% - 16:36
2 - 30% - 30% - 16:11
3 - 25% - 25% - 13:25
4 - 15% - 15% - 7:51
Normal Defense
1 - 31% - 30% - 16:35
2 - 31% - 30% - 16:42
3 - 26% - 25% - 13:51
4 - 13% - 15% - 6:55
PP Forward
1 - 0% - 50%
2 - 0% - 50%
PP Defense
1 - 0% - 50%
2 - 0% - 50%
PK Forward
1 - 48% - 50% - 2:50
2 - 52% - 50% - 3:07
PK Defense
1 - 57% - 50% - 3:22
2 - 43% - 50% - 2:35
PK3 Forward
1 - 0% - 50%
2 - 0% - 50%
PK3 Defense
1 - 0% - 50%
2 - 0% - 50%
44 Forward
1 - 0% - 50%
2 - 0% - 50%
44 Defense
1 - 0% - 50%
2 - 0% - 50%
Last Minute Offensive - 0:00
Last Minute Defensive - 0:00
Total
Forward - 60:00
Defense - 60:00
|
Play-by-Play
1st period
0:01 of 1st period - Alexander Wennberg wins face-off versus Vincent Trocheck in neutral zone.
0:10 of 1st period - Slapshot by Taylor Hall.
0:10 of 1st period - Stopped by Jordan Binnington with a rebound.
0:12 of 1st period - Snap shot by Jaccob Slavin.
0:12 of 1st period - Stopped by Jordan Binnington with a rebound.
0:14 of 1st period - Snap shot by Alexander Wennberg.
0:14 of 1st period - Shot Misses the Net.
0:16 of 1st period - Slapshot by Jaccob Slavin.
0:16 of 1st period - Shot Misses the Net.
0:37 of 1st period - Joshua Norris is hit by Seth Jones and loses puck.
1:22 of 1st period - Wrist shot by Andre Burakovsky.
1:22 of 1st period - Deflect By Joshua Norris.
1:22 of 1st period - Stopped by Jordan Binnington with a rebound.
1:34 of 1st period - Wrist shot by Joshua Norris.
1:34 of 1st period - Stopped by Jordan Binnington with a rebound.
1:36 of 1st period - Slapshot by Connor Murphy.
1:36 of 1st period - Stopped by Jordan Binnington with a rebound.
1:38 of 1st period - Snap shot by Erik Cernak.
1:38 of 1st period - Shot Blocked by Devon Toews.
1:40 of 1st period - Slapshot by Connor Murphy.
1:40 of 1st period - Stopped by Jordan Binnington without a rebound.
1:41 of 1st period - Nicholas Paul wins face-off versus Casey Cizikas in Chicago Black Hawks zone.
1:48 of 1st period - Snap shot by Nicholas Paul.
1:48 of 1st period - Shot Misses the Net.
2:34 of 1st period - Snap shot by Ryan Strome.
2:34 of 1st period - Deflect By Mike Hoffman.
2:34 of 1st period - Shot Hit the Post.
2:34 of 1st period - Puck is out of play.
2:35 of 1st period - Bo Horvat wins face-off versus Ryan Strome in Chicago Black Hawks zone.
2:54 of 1st period - Snap shot by Ryan Strome.
2:54 of 1st period - Shot Misses the Net.
3:13 of 1st period - Wrist shot by Vincent Trocheck.
3:13 of 1st period - Shot Blocked by Thomas Chabot.
3:57 of 1st period - Wrist shot by Kevin Fiala.
3:57 of 1st period - Stopped by Semyon Varlamov with a rebound.
4:15 of 1st period - Backhand shot by Mike Hoffman.
4:15 of 1st period - Shot Misses the Net.
4:17 of 1st period - Snap shot by Marcus Foligno.
4:17 of 1st period - Deflect By Ryan Strome.
4:17 of 1st period - Stopped by Jordan Binnington with a rebound.
4:19 of 1st period - Snap shot by Jaccob Slavin.
4:19 of 1st period - Shot Blocked by Marcus Pettersson.
4:21 of 1st period - Snap shot by Jaccob Slavin.
4:21 of 1st period - Stopped by Jordan Binnington with a rebound.
4:23 of 1st period - Snap shot by Jaccob Slavin.
4:23 of 1st period - Shot Blocked by Vincent Trocheck.
4:25 of 1st period - Wrist shot by Marcus Foligno.
4:25 of 1st period - Shot Misses the Net.
4:27 of 1st period - Snap shot by Marcus Foligno.
4:27 of 1st period - Shot Blocked by Travis Sanheim.
4:29 of 1st period - Snap shot by Marcus Foligno.
4:29 of 1st period - Stopped by Jordan Binnington without a rebound.
4:30 of 1st period - Nicholas Paul wins face-off versus Alexander Wennberg in Chicago Black Hawks zone.
4:44 of 1st period - Nicholas Paul is hit by Connor Murphy and loses puck.
4:55 of 1st period - Brent Burns is hit by Alexis Lafreniere and loses puck.
5:03 of 1st period - Off-side.
5:04 of 1st period - Patrice Bergeron wins face-off versus Eetu Luostarinen in neutral zone.
5:07 of 1st period - Alec Martinez is hit by Patrice Bergeron and loses puck.
5:36 of 1st period - Wrist shot by Shane Pinto.
5:36 of 1st period - Shot Misses the Net.
5:54 of 1st period - Icing by Erik Cernak.
5:55 of 1st period - Joshua Norris wins face-off versus Patrice Bergeron in Hartford Whalers zone.
6:17 of 1st period - Snap shot by Joshua Norris.
6:17 of 1st period - Stopped by Jordan Binnington with a rebound.
6:39 of 1st period - Slapshot by Kirby Dach.
6:39 of 1st period - Stopped by Semyon Varlamov with a rebound.
6:41 of 1st period - Slapshot by Brent Burns.
6:41 of 1st period - Shot Blocked by Alexis Lafreniere.
6:43 of 1st period - Backhand shot by Patrice Bergeron.
6:43 of 1st period - Shot Misses the Net.
6:45 of 1st period - Snap shot by Devon Toews.
6:45 of 1st period - Shot Blocked by Connor Murphy.
6:47 of 1st period - Snap shot by Barrett Hayton.
6:47 of 1st period - Shot Blocked by Erik Cernak.
6:49 of 1st period - Snap shot by Brent Burns.
6:49 of 1st period - Stopped by Semyon Varlamov with a rebound.
6:51 of 1st period - Snap shot by Brent Burns.
6:51 of 1st period - Shot Misses the Net.
6:53 of 1st period - Slapshot by Brent Burns.
6:53 of 1st period - Shot Misses the Net.
6:55 of 1st period - Slapshot by Brent Burns.
6:55 of 1st period - Shot Misses the Net.
6:57 of 1st period - Backhand shot by Barrett Hayton.
6:57 of 1st period - Stopped by Semyon Varlamov with a rebound.
6:59 of 1st period - Slapshot by Brent Burns.
6:59 of 1st period - Stopped by Semyon Varlamov with a rebound.
7:01 of 1st period - Slapshot by Brent Burns.
7:01 of 1st period - Deflect By Patrice Bergeron.
7:01 of 1st period - Shot Misses the Net.
7:01 of 1st period - Puck is out of play.
7:02 of 1st period - Nicholas Paul wins face-off versus Alexander Wennberg in Hartford Whalers zone.
7:27 of 1st period - Cale Makar is hit by Thomas Chabot and loses puck.
7:52 of 1st period - Snap shot by Mike Hoffman.
7:52 of 1st period - Shot Misses the Net.
8:08 of 1st period - Marcus Pettersson is hit by Alexander Wennberg and loses puck.
8:29 of 1st period - Taylor Hall is hit by Travis Sanheim and loses puck.
8:44 of 1st period - Snap shot by Thomas Chabot.
8:44 of 1st period - Shot Misses the Net.
9:30 of 1st period - Icing by Joshua Norris.
9:31 of 1st period - Shane Pinto wins face-off versus Taylor Hall in Hartford Whalers zone.
9:40 of 1st period - Snap shot by Shane Pinto.
9:40 of 1st period - Stopped by Semyon Varlamov without a rebound.
9:41 of 1st period - Patrice Bergeron wins face-off versus T.J. Oshie in Hartford Whalers zone.
9:42 of 1st period - Wrist shot by Kirby Dach.
9:42 of 1st period - Shot Misses the Net.
10:12 of 1st period - Slapshot by Kevin Fiala.
10:12 of 1st period - Shot Blocked by Nikita Zaitsev.
10:14 of 1st period - Slapshot by Cale Makar.
10:14 of 1st period - Stopped by Semyon Varlamov without a rebound.
10:15 of 1st period - Alexander Wennberg wins face-off versus Nicholas Paul in Hartford Whalers zone.
10:15 of 1st period - Alexander Wennberg is hit by Jaden Schwartz.
10:29 of 1st period - Snap shot by Alexander Wennberg.
10:29 of 1st period - Shot Misses the Net.
10:52 of 1st period - Snap shot by Patrice Bergeron.
10:52 of 1st period - Shot Misses the Net.
11:08 of 1st period - Snap shot by Andre Burakovsky.
11:08 of 1st period - Shot Misses the Net.
11:10 of 1st period - Slapshot by Connor Murphy.
11:10 of 1st period - Shot Misses the Net.
11:12 of 1st period - Snap shot by Joshua Norris.
11:12 of 1st period - Shot Blocked by Seth Jones.
11:14 of 1st period - Backhand shot by Connor Murphy.
11:14 of 1st period - Shot Misses the Net.
11:16 of 1st period - Slapshot by Erik Cernak.
11:16 of 1st period - Shot Misses the Net.
11:28 of 1st period - Thomas Chabot is hit by Michael Rasmussen and loses puck.
11:35 of 1st period - Wrist shot by Nicholas Paul.
11:35 of 1st period - Deflect By Shane Pinto.
11:35 of 1st period - Shot Misses the Net.
11:35 of 1st period - Puck is out of play.
11:36 of 1st period - Casey Cizikas wins face-off versus Nicholas Paul in Hartford Whalers zone.
13:10 of 1st period - Travis Sanheim is hit by Nikita Zaitsev.
15:14 of 1st period - Snap shot by Josh Anderson.
15:14 of 1st period - Shot Blocked by Devon Toews.
15:16 of 1st period - Wrist shot by Casey Cizikas.
15:16 of 1st period - Shot Misses the Net.
15:36 of 1st period - Snap shot by Taylor Hall.
15:36 of 1st period - Shot Misses the Net.
15:38 of 1st period - Wrist shot by Taylor Hall.
15:38 of 1st period - Shot Blocked by Brent Burns.
15:40 of 1st period - Snap shot by Erik Cernak.
15:40 of 1st period - Deflect By Alexander Wennberg.
15:40 of 1st period - Stopped by Jordan Binnington with a rebound.
15:42 of 1st period - Snap shot by Erik Cernak.
15:42 of 1st period - Stopped by Jordan Binnington with a rebound.
15:58 of 1st period - Snap shot by Bo Horvat.
15:58 of 1st period - Stopped by Semyon Varlamov with a rebound.
16:00 of 1st period - Slapshot by Brent Burns.
16:00 of 1st period - Shot Misses the Net.
16:26 of 1st period - Wrist shot by Josh Anderson.
16:26 of 1st period - Shot Misses the Net.
17:01 of 1st period - Slapshot by Kevin Fiala.
17:01 of 1st period - Stopped by Semyon Varlamov with a rebound.
17:25 of 1st period - Alec Martinez is hit by Barrett Hayton and loses puck.
17:40 of 1st period - Alexis Lafreniere is hit by Shane Pinto and loses puck.
18:04 of 1st period - Marcus Foligno is hit by Kevin Fiala and loses puck.
18:19 of 1st period - Casey Cizikas is hit by Kirby Dach.
18:23 of 1st period - Barrett Hayton is hit by Eetu Luostarinen and loses puck.
18:38 of 1st period - Taylor Hall is hit by Devon Toews and loses puck.
18:56 of 1st period - Slapshot by Vincent Trocheck.
18:56 of 1st period - Shot Misses the Net.
19:16 of 1st period - Slapshot by Cale Makar.
19:16 of 1st period - Shot Blocked by Jaccob Slavin.
19:47 of 1st period - Patrice Bergeron is hit by Alec Martinez and loses puck.
19:58 of 1st period - Vincent Trocheck is hit by Alexis Lafreniere and loses puck.
Goals for this period are 0 for Hartford Whalers vs 0 for Chicago Black Hawks.
Shots for this period are 12 for Hartford Whalers vs 9 for Chicago Black Hawks.
2nd period
0:01 of 2nd period - Nicholas Paul wins face-off versus Alexander Wennberg in neutral zone.
0:30 of 2nd period - Slapshot by Cale Makar.
0:30 of 2nd period - Shot Misses the Net.
0:32 of 2nd period - Snap shot by Kevin Fiala.
0:32 of 2nd period - Shot Misses the Net.
0:34 of 2nd period - Wrist shot by Bo Horvat.
0:34 of 2nd period - Stopped by Semyon Varlamov with a rebound.
0:36 of 2nd period - Slapshot by Vincent Trocheck.
0:36 of 2nd period - Chicago Black Hawks goal is going for a video replay.
0:36 of 2nd period - The goal is good.
0:36 of 2nd period - Goal by Vincent Trocheck - Hartford Whalers : 0 - Chicago Black Hawks : 1.
0:37 of 2nd period - Alexander Wennberg wins face-off versus Nicholas Paul in neutral zone.
0:40 of 2nd period - Wrist shot by Alexander Wennberg.
0:40 of 2nd period - Shot Blocked by Brent Burns.
1:25 of 2nd period - Snap shot by Josh Anderson.
1:25 of 2nd period - Stopped by Jordan Binnington with a rebound.
1:33 of 2nd period - Eetu Luostarinen is hit by Vincent Trocheck and loses puck.
1:48 of 2nd period - Backhand shot by Josh Anderson.
1:48 of 2nd period - Goal by Josh Anderson - Hartford Whalers : 1 - Chicago Black Hawks : 1.
1:49 of 2nd period - Nicholas Paul wins face-off versus Alexander Wennberg in neutral zone.
1:52 of 2nd period - Wrist shot by Jaden Schwartz.
1:52 of 2nd period - Stopped by Semyon Varlamov with a rebound.
1:54 of 2nd period - Snap shot by Conor Sheary.
1:54 of 2nd period - Stopped by Semyon Varlamov with a rebound.
2:02 of 2nd period - Wrist shot by Nicholas Paul.
2:02 of 2nd period - Stopped by Semyon Varlamov with a rebound.
2:04 of 2nd period - Snap shot by Conor Sheary.
2:04 of 2nd period - Stopped by Semyon Varlamov with a rebound.
2:26 of 2nd period - Patrice Bergeron is hit by Thomas Chabot and loses puck.
2:41 of 2nd period - Wrist shot by Eetu Luostarinen.
2:41 of 2nd period - Stopped by Jordan Binnington without a rebound.
2:42 of 2nd period - Bo Horvat wins face-off versus T.J. Oshie in Chicago Black Hawks zone.
2:49 of 2nd period - Connor Murphy is hit by Vincent Trocheck and loses puck.
3:15 of 2nd period - Icing by Joshua Norris.
3:16 of 2nd period - Nicholas Paul wins face-off versus Joshua Norris in Hartford Whalers zone.
3:17 of 2nd period - Slapshot by Cale Makar.
3:17 of 2nd period - Stopped by Semyon Varlamov with a rebound.
3:25 of 2nd period - Wrist shot by Alexis Lafreniere.
3:25 of 2nd period - Shot Blocked by Jaden Schwartz.
3:27 of 2nd period - Snap shot by Connor Murphy.
3:27 of 2nd period - Shot Blocked by Seth Jones.
3:29 of 2nd period - Slapshot by Andre Burakovsky.
3:29 of 2nd period - Shot Misses the Net.
3:31 of 2nd period - Snap shot by Alexis Lafreniere.
3:31 of 2nd period - Shot Misses the Net.
3:33 of 2nd period - Wrist shot by Andre Burakovsky.
3:33 of 2nd period - Shot Misses the Net.
3:35 of 2nd period - Snap shot by Andre Burakovsky.
3:35 of 2nd period - Shot Blocked by Jaden Schwartz.
3:37 of 2nd period - Slapshot by Joshua Norris.
3:37 of 2nd period - Stopped by Jordan Binnington with a rebound.
3:39 of 2nd period - Wrist shot by Connor Murphy.
3:39 of 2nd period - Shot Misses the Net.
3:41 of 2nd period - Slapshot by Connor Murphy.
3:41 of 2nd period - Shot Blocked by Seth Jones.
3:43 of 2nd period - Snap shot by Connor Murphy.
3:43 of 2nd period - Deflect By Jaden Schwartz.
3:43 of 2nd period - Stopped by Jordan Binnington with a rebound.
3:47 of 2nd period - Backhand shot by Andre Burakovsky.
3:47 of 2nd period - Shot Misses the Net.
3:57 of 2nd period - Slapshot by Alexis Lafreniere.
3:57 of 2nd period - Stopped by Jordan Binnington with a rebound.
3:59 of 2nd period - Backhand shot by Connor Murphy.
3:59 of 2nd period - Stopped by Jordan Binnington without a rebound.
4:00 of 2nd period - Alexander Wennberg wins face-off versus Patrice Bergeron in Chicago Black Hawks zone.
5:15 of 2nd period - Backhand shot by Alexander Wennberg.
5:15 of 2nd period - Stopped by Jordan Binnington with a rebound.
5:47 of 2nd period - Snap shot by Josh Anderson.
5:47 of 2nd period - Deflect By Casey Cizikas.
5:47 of 2nd period - Deflect By Bo Horvat.
5:47 of 2nd period - Stopped by Jordan Binnington without a rebound.
5:48 of 2nd period - Alexander Wennberg wins face-off versus Patrice Bergeron in Chicago Black Hawks zone.
6:59 of 2nd period - Kirby Dach is hit by Ryan Strome and loses puck.
7:14 of 2nd period - Snap shot by T.J. Oshie.
7:14 of 2nd period - Stopped by Jordan Binnington with a rebound.
7:16 of 2nd period - Snap shot by Alexander Wennberg.
7:16 of 2nd period - Deflect By T.J. Oshie.
7:16 of 2nd period - Goal by T.J. Oshie - Hartford Whalers : 2 - Chicago Black Hawks : 1.
7:17 of 2nd period - Nicholas Paul wins face-off versus Alexander Wennberg in neutral zone.
7:30 of 2nd period - Snap shot by Jaden Schwartz.
7:30 of 2nd period - Stopped by Semyon Varlamov with a rebound.
7:32 of 2nd period - Slapshot by Brent Burns.
7:32 of 2nd period - Stopped by Semyon Varlamov without a rebound.
7:33 of 2nd period - Patrice Bergeron wins face-off versus Casey Cizikas in Hartford Whalers zone.
7:48 of 2nd period - Snap shot by Patrice Bergeron.
7:48 of 2nd period - Shot Misses the Net.
7:50 of 2nd period - Snap shot by Brent Burns.
7:50 of 2nd period - Shot Misses the Net.
8:07 of 2nd period - Snap shot by Shane Pinto.
8:07 of 2nd period - Shot Blocked by Taylor Hall.
8:09 of 2nd period - Slapshot by Michael Rasmussen.
8:09 of 2nd period - Shot Blocked by Alexander Wennberg.
8:24 of 2nd period - Icing by Jaccob Slavin.
8:25 of 2nd period - Nicholas Paul wins face-off versus Joshua Norris in Hartford Whalers zone.
8:40 of 2nd period - Slapshot by Thomas Chabot.
8:40 of 2nd period - Shot Misses the Net.
8:42 of 2nd period - Slapshot by Jaccob Slavin.
8:42 of 2nd period - Deflect By Alexis Lafreniere.
8:42 of 2nd period - Shot Misses the Net.
8:42 of 2nd period - Puck is out of play.
8:43 of 2nd period - Alexander Wennberg wins face-off versus Patrice Bergeron in Chicago Black Hawks zone.
8:48 of 2nd period - Slapshot by T.J. Oshie.
8:48 of 2nd period - Shot Blocked by Barrett Hayton.
9:09 of 2nd period - Connor Murphy is hit by Devon Toews and loses puck.
9:15 of 2nd period - Off-side.
9:16 of 2nd period - Casey Cizikas wins face-off versus Jaden Schwartz in neutral zone.
9:23 of 2nd period - Wrist shot by Josh Anderson.
9:23 of 2nd period - Shot Hit the Post.
9:25 of 2nd period - Snap shot by Josh Anderson.
9:25 of 2nd period - Goal by Josh Anderson - Hartford Whalers : 3 - Chicago Black Hawks : 1.
9:26 of 2nd period - Alexander Wennberg wins face-off versus Michael Rasmussen in neutral zone.
10:38 of 2nd period - Slapshot by Mike Hoffman.
10:38 of 2nd period - Stopped by Jordan Binnington with a rebound.
10:40 of 2nd period - Backhand shot by Ryan Strome.
10:40 of 2nd period - Goal by Ryan Strome - Hartford Whalers : 4 - Chicago Black Hawks : 1.
10:41 of 2nd period - Nicholas Paul wins face-off versus Alexander Wennberg in neutral zone.
10:51 of 2nd period - Off-side.
10:52 of 2nd period - Shane Pinto wins face-off versus Alexander Wennberg in neutral zone.
11:17 of 2nd period - Kevin Fiala is hit by Andre Burakovsky and loses puck.
11:30 of 2nd period - Wrist shot by Alexis Lafreniere.
11:30 of 2nd period - Stopped by Jordan Binnington with a rebound.
12:27 of 2nd period - Marcus Foligno is hit by Conor Sheary and loses puck.
12:48 of 2nd period - Slapshot by Thomas Chabot.
12:48 of 2nd period - Deflect By Alexis Lafreniere.
12:48 of 2nd period - Stopped by Jordan Binnington with a rebound.
13:08 of 2nd period - Slapshot by Cale Makar.
13:08 of 2nd period - Stopped by Semyon Varlamov with a rebound.
13:10 of 2nd period - Snap shot by Michael Rasmussen.
13:10 of 2nd period - Stopped by Semyon Varlamov with a rebound.
13:12 of 2nd period - Snap shot by Cale Makar.
13:12 of 2nd period - Stopped by Semyon Varlamov without a rebound.
13:13 of 2nd period - Shane Pinto wins face-off versus Alexander Wennberg in Hartford Whalers zone.
13:14 of 2nd period - Slapshot by Cale Makar.
13:14 of 2nd period - Deflect By Nicholas Paul.
13:14 of 2nd period - Stopped by Semyon Varlamov with a rebound.
13:16 of 2nd period - Backhand shot by Seth Jones.
13:16 of 2nd period - Stopped by Semyon Varlamov without a rebound.
13:17 of 2nd period - Nicholas Paul wins face-off versus Alexander Wennberg in Hartford Whalers zone.
13:44 of 2nd period - Snap shot by Kirby Dach.
13:44 of 2nd period - Stopped by Semyon Varlamov without a rebound.
13:45 of 2nd period - Casey Cizikas wins face-off versus Patrice Bergeron in Hartford Whalers zone.
14:02 of 2nd period - Snap shot by Patrice Bergeron.
14:02 of 2nd period - Stopped by Semyon Varlamov with a rebound.
14:10 of 2nd period - Snap shot by Kirby Dach.
14:10 of 2nd period - Shot Misses the Net.
14:28 of 2nd period - Slapshot by Josh Anderson.
14:28 of 2nd period - Deflect By Eetu Luostarinen.
14:28 of 2nd period - Shot Misses the Net.
14:28 of 2nd period - Puck is out of play.
14:29 of 2nd period - Alexander Wennberg wins face-off versus Nicholas Paul in Chicago Black Hawks zone.
14:44 of 2nd period - Wrist shot by T.J. Oshie.
14:44 of 2nd period - Deflect By Taylor Hall.
14:44 of 2nd period - Shot Misses the Net.
14:44 of 2nd period - Puck is out of play.
14:45 of 2nd period - Joshua Norris wins face-off versus Bo Horvat in Chicago Black Hawks zone.
14:46 of 2nd period - Wrist shot by Andre Burakovsky.
14:46 of 2nd period - Stopped by Jordan Binnington without a rebound.
14:47 of 2nd period - Kevin Fiala wins face-off versus Joshua Norris in Chicago Black Hawks zone.
16:25 of 2nd period - Snap shot by Joshua Norris.
16:25 of 2nd period - Shot Misses the Net.
16:27 of 2nd period - Slapshot by Erik Cernak.
16:27 of 2nd period - Stopped by Jordan Binnington with a rebound.
16:29 of 2nd period - Slapshot by Erik Cernak.
16:29 of 2nd period - Stopped by Jordan Binnington with a rebound.
16:35 of 2nd period - Minor Penalty to Marcus Pettersson for Tripping.
16:36 of 2nd period - Patrice Bergeron wins face-off versus Alexander Wennberg in Chicago Black Hawks zone.
16:47 of 2nd period - Backhand shot by Thomas Chabot.
16:47 of 2nd period - Deflect By Taylor Hall.
16:47 of 2nd period - Shot Blocked by Michael Rasmussen.
16:47 of 2nd period - Puck is out of play.
16:48 of 2nd period - Barrett Hayton wins face-off versus Joshua Norris in Chicago Black Hawks zone.
18:35 of 2nd period - Penalty to Marcus Pettersson is over, Marcus Pettersson is back on ice.
18:59 of 2nd period - Minor Penalty to Seth Jones for Hooking.
19:00 of 2nd period - Patrice Bergeron wins face-off versus Joshua Norris in Chicago Black Hawks zone.
Goals for this period are 4 for Hartford Whalers vs 1 for Chicago Black Hawks.
Shots for this period are 19 for Hartford Whalers vs 16 for Chicago Black Hawks.
3rd period
0:01 of 3rd period - Patrice Bergeron wins face-off versus Joshua Norris in neutral zone.
0:10 of 3rd period - Slapshot by Brent Burns.
0:10 of 3rd period - Goal by Brent Burns - Hartford Whalers : 4 - Chicago Black Hawks : 2.
0:11 of 3rd period - Alexander Wennberg wins face-off versus Barrett Hayton in neutral zone.
0:59 of 3rd period - Penalty to Seth Jones is over, Seth Jones is back on ice.
1:15 of 3rd period - Seth Jones is hit by Marcus Foligno and loses puck.
1:22 of 3rd period - Snap shot by Mike Hoffman.
1:22 of 3rd period - Shot Misses the Net.
1:24 of 3rd period - Wrist shot by Ryan Strome.
1:24 of 3rd period - Shot Misses the Net.
1:26 of 3rd period - Wrist shot by Erik Cernak.
1:26 of 3rd period - Deflect By Seth Jones.
1:26 of 3rd period - Stopped by Jordan Binnington without a rebound.
1:27 of 3rd period - Joshua Norris wins face-off versus Jaden Schwartz in Chicago Black Hawks zone.
1:40 of 3rd period - Snap shot by Jaden Schwartz.
1:40 of 3rd period - Stopped by Semyon Varlamov with a rebound.
1:59 of 3rd period - Snap shot by Jaden Schwartz.
1:59 of 3rd period - Shot Hit the Post.
2:30 of 3rd period - Snap shot by Jaden Schwartz.
2:30 of 3rd period - Shot Misses the Net.
2:46 of 3rd period - Snap shot by Joshua Norris.
2:46 of 3rd period - Shot Misses the Net.
2:48 of 3rd period - Slapshot by Alexis Lafreniere.
2:48 of 3rd period - Stopped by Jordan Binnington without a rebound.
2:49 of 3rd period - Alexander Wennberg wins face-off versus Patrice Bergeron in Chicago Black Hawks zone.
3:10 of 3rd period - Minor Penalty to Travis Sanheim for Slashing.
3:11 of 3rd period - Patrice Bergeron wins face-off versus Alexander Wennberg in Chicago Black Hawks zone.
3:36 of 3rd period - T.J. Oshie is hit by Devon Toews and loses puck.
3:43 of 3rd period - Slapshot by Thomas Chabot.
3:43 of 3rd period - Shot Misses the Net.
3:45 of 3rd period - Backhand shot by Thomas Chabot.
3:45 of 3rd period - Shot Misses the Net.
3:47 of 3rd period - Slapshot by Thomas Chabot.
3:47 of 3rd period - Shot Hit the Post.
3:49 of 3rd period - Snap shot by Taylor Hall.
3:49 of 3rd period - Shot Misses the Net.
4:03 of 3rd period - Marcus Pettersson is hit by Thomas Chabot and loses puck.
4:16 of 3rd period - Seth Jones is hit by Nikita Zaitsev and loses puck.
5:10 of 3rd period - Penalty to Travis Sanheim is over, Travis Sanheim is back on ice.
7:27 of 3rd period - Joshua Norris is hit by Kirby Dach and loses puck.
7:50 of 3rd period - Icing by Nicholas Paul.
7:51 of 3rd period - Nicholas Paul wins face-off versus Casey Cizikas in Chicago Black Hawks zone.
7:58 of 3rd period - Slapshot by Vincent Trocheck.
7:58 of 3rd period - Shot Blocked by Eetu Luostarinen.
8:16 of 3rd period - Slapshot by Brent Burns.
8:16 of 3rd period - Shot Misses the Net.
8:38 of 3rd period - Wrist shot by Mike Hoffman.
8:38 of 3rd period - Stopped by Jordan Binnington with a rebound.
9:39 of 3rd period - Wrist shot by Alexander Wennberg.
9:39 of 3rd period - Stopped by Jordan Binnington with a rebound.
9:41 of 3rd period - Snap shot by Alexander Wennberg.
9:41 of 3rd period - Goal by Alexander Wennberg - Hartford Whalers : 5 - Chicago Black Hawks : 2.
9:42 of 3rd period - Patrice Bergeron wins face-off versus Alexander Wennberg in neutral zone.
9:55 of 3rd period - Cale Makar is hit by Alec Martinez.
10:55 of 3rd period - Slapshot by Cale Makar.
10:55 of 3rd period - Shot Misses the Net.
10:57 of 3rd period - Snap shot by Barrett Hayton.
10:57 of 3rd period - Shot Misses the Net.
10:59 of 3rd period - Snap shot by Patrice Bergeron.
10:59 of 3rd period - Stopped by Semyon Varlamov with a rebound.
11:11 of 3rd period - Snap shot by Marcus Foligno.
11:11 of 3rd period - Stopped by Jordan Binnington without a rebound.
11:12 of 3rd period - Alexander Wennberg wins face-off versus Nicholas Paul in Chicago Black Hawks zone.
11:17 of 3rd period - Snap shot by Taylor Hall.
11:17 of 3rd period - Shot Blocked by Nicholas Paul.
11:19 of 3rd period - Snap shot by Thomas Chabot.
11:19 of 3rd period - Deflect By Jaden Schwartz.
11:19 of 3rd period - Stopped by Jordan Binnington with a rebound.
11:21 of 3rd period - Snap shot by Jaccob Slavin.
11:21 of 3rd period - Stopped by Jordan Binnington without a rebound.
11:22 of 3rd period - Bo Horvat wins face-off versus Alexander Wennberg in Chicago Black Hawks zone.
12:19 of 3rd period - Wrist shot by Eetu Luostarinen.
12:19 of 3rd period - Shot Misses the Net.
12:21 of 3rd period - Slapshot by Casey Cizikas.
12:21 of 3rd period - Stopped by Jordan Binnington without a rebound.
12:22 of 3rd period - Alexander Wennberg wins face-off versus Bo Horvat in Chicago Black Hawks zone.
13:17 of 3rd period - Wrist shot by Andre Burakovsky.
13:17 of 3rd period - Stopped by Jordan Binnington with a rebound.
13:31 of 3rd period - Kevin Fiala is hit by Nikita Zaitsev and loses puck.
13:40 of 3rd period - Wrist shot by Mike Hoffman.
13:40 of 3rd period - Goal by Mike Hoffman - Hartford Whalers : 6 - Chicago Black Hawks : 2.
13:41 of 3rd period - Patrice Bergeron wins face-off versus Taylor Hall in neutral zone.
13:52 of 3rd period - Barrett Hayton is hit by Alexander Wennberg and loses puck.
14:16 of 3rd period - Wrist shot by Alexis Lafreniere.
14:16 of 3rd period - Stopped by Jordan Binnington without a rebound.
14:17 of 3rd period - Alexander Wennberg wins face-off versus Shane Pinto in Chicago Black Hawks zone.
14:19 of 3rd period - T.J. Oshie beats up Shane Pinto.
14:19 of 3rd period - Penalty to Shane Pinto for Fighting.
14:19 of 3rd period - Penalty to T.J. Oshie for Fighting.
14:20 of 3rd period - Alexander Wennberg wins face-off versus Vincent Trocheck in Chicago Black Hawks zone.
14:36 of 3rd period - Devon Toews beats up Connor Murphy.
14:36 of 3rd period - Penalty to Devon Toews for Fighting.
14:36 of 3rd period - Penalty to Connor Murphy for Fighting.
14:37 of 3rd period - Patrice Bergeron wins face-off versus Alexander Wennberg in Chicago Black Hawks zone.
14:46 of 3rd period - Alexander Wennberg is hit by Kirby Dach and loses puck.
15:39 of 3rd period - Ryan Strome is hit by Cale Makar and loses puck.
16:04 of 3rd period - Wrist shot by Mike Hoffman.
16:04 of 3rd period - Deflect By Cale Makar.
16:04 of 3rd period - Shot Misses the Net.
16:04 of 3rd period - Puck is out of play.
16:05 of 3rd period - Patrice Bergeron wins face-off versus Alexander Wennberg in Chicago Black Hawks zone.
16:18 of 3rd period - Wrist shot by Kirby Dach.
16:18 of 3rd period - Stopped by Semyon Varlamov with a rebound.
16:20 of 3rd period - Slapshot by Brent Burns.
16:20 of 3rd period - Shot Blocked by Taylor Hall.
16:22 of 3rd period - Slapshot by Brent Burns.
16:22 of 3rd period - Deflect By Kirby Dach.
16:22 of 3rd period - Stopped by Semyon Varlamov without a rebound.
16:23 of 3rd period - Casey Cizikas wins face-off versus Bo Horvat in Hartford Whalers zone.
16:27 of 3rd period - Off-side.
16:28 of 3rd period - Bo Horvat wins face-off versus Eetu Luostarinen in neutral zone.
16:35 of 3rd period - Off-side.
16:36 of 3rd period - Patrice Bergeron wins face-off versus Alexander Wennberg in neutral zone.
16:48 of 3rd period - Off-side.
16:49 of 3rd period - Frederick Gaudreau wins face-off versus Alexander Wennberg in neutral zone.
17:21 of 3rd period - Snap shot by Ryan Strome.
17:21 of 3rd period - Stopped by Jordan Binnington without a rebound.
17:22 of 3rd period - Bo Horvat wins face-off versus Ryan Strome in Chicago Black Hawks zone.
18:29 of 3rd period - Icing by Alec Martinez.
18:30 of 3rd period - Casey Cizikas wins face-off versus Bo Horvat in Hartford Whalers zone.
19:40 of 3rd period - Joshua Norris is hit by Vincent Trocheck and loses puck.
19:55 of 3rd period - Erik Cernak is hit by Kevin Fiala and loses puck.
Goals for this period are 2 for Hartford Whalers vs 1 for Chicago Black Hawks.
Shots for this period are 13 for Hartford Whalers vs 5 for Chicago Black Hawks.
Back to the Top